 Dungeon Crawl Stone Soup version 0.17.1-3-g152610e (webtiles) character file.

94 Alarkh the Insei (level 4, -1/33 HPs)
             Began as an Octopode Chaos Knight on Apr 25, 2016.
             Slain by an orc wizard
             ... wielding a +0 dagger
              (2 damage)
             ... on level 3 of the Dungeon.
             The game lasted 00:03:09 (1936 turns).

Alarkh the Insei (Octopode Chaos Knight)            Turns: 1936, Time: 00:03:09

Health: -1/33      AC:  1    Str: 15    XL:     4   Next: 63%
Magic:  4/4        EV: 12    Int: 15    God:    Xom [..*...]
Gold:   163        SH:  0    Dex: 11    Spells: 0 memorised, 3 levels left

rFire  + + .     SeeInvis .       - Unarmed
rCold  + . .     Clarity  .     (no shield)
rNeg   . . .     SustAt   .     (helmet restricted)
rPois  +         Gourm    .     (no amulet)
rElec  +         Spirit   .     o - +4 ring of strength
rCorr  +         Warding  .     s - ring of protection from fire
rMut   .         Stasis   .     (no ring)
MR     .....                    (no ring)
Stlth  ++........               (no ring)
                                (no ring)
                                (no ring)
                                (no ring)

@: resistant, flying, not resistant to hostile enchantments, unstealthy
A: almost no armour, amphibious, 8 rings, constrict 8, camouflage 1, gelatinous
body 1
a: Renounce Religion


You were on level 3 of the Dungeon.
You worshipped Xom.
You were a toy of Xom.
You were not hungry.

You visited 1 branch of the dungeon, and saw 3 of its levels.

You collected 163 gold pieces.

Inventory:

Hand Weapons
 b - a +0 dagger of venom
Jewellery
 o - a +4 ring of strength (left tentacle)
 s - a ring of protection from fire (right tentacle)
Scrolls
 c - a scroll of enchant weapon {unknown}
 e - a scroll of fear {unknown}
 g - a scroll of remove curse {unknown}
 h - a scroll of fog {unknown}
 i - a scroll of noise {unknown}
 j - 2 scrolls of identify {unknown}
 m - a scroll of random uselessness {unknown}
 n - a scroll of amnesia {unknown}
 r - 2 scrolls of teleportation {unknown}
 t - a scroll of enchant armour {unknown}
Potions
 k - a potion of curing {unknown}
 l - a potion of poison {unknown}
 p - a potion of resistance
Comestibles
 a - 3 bread rations
 f - a beef jerky
 q - 4 chunks of flesh


   Skills:
 + Level 3.9 Fighting
 + Level 2.9 Dodging
 * Level 4.2 Unarmed Combat


You had 3 spell levels left.
You didn't know any spells.

Dungeon Overview and Level Annotations

Branches:
Dungeon (3/15)

Altars:
Ashenzari


Innate Abilities, Weirdness & Mutations

You cannot wear most types of armour.
You are amphibious.
You can wear up to eight rings at the same time.
You can use your tentacles to constrict eight enemies at once.
Your skin changes colour to match your surroundings (Stealth).
Your rubbery body absorbs attacks (AC +1).


Message History

You closely miss something. Your squeeze misses something. You miss something.
Something hits you.
You barely miss something. Something hits you but does no damage.
You miss something. Something hits you.
* * * LOW HITPOINT WARNING * * *
You miss something. Your squeeze misses something. Something hits you.
* * * LOW HITPOINT WARNING * * *
Drink which item? (? for menu, Esc to quit)
It was a potion of resistance.
You feel protected. Something hits you.
* * * LOW HITPOINT WARNING * * *
Xom is interested.
Drink which item? (? for menu, Esc to quit)
It was a potion of flight.
You feel very buoyant.
You fly up into the air.
Xom is interested.
Something hits you.
You die...

##.##.# ###.
#.##.######.
#.##.##.....
#######.##.##.####
#.......##.##.#
#.########.##.##
#.# #.........#
#)# #.........#
#@# #.........# #
#{# #.........###
#o# #...)........
#.# #.........###
#.# #.........###
#.# #............
#.# #.........###
#.# ###########


You could see an orc.

Vanquished Creatures
  6 adders
  3 orcs (D:3)
  4 goblins
  3 hobgoblins (D:2)
  A quokka (D:2)
  6 bats
  3 giant cockroaches
  3 giant newts
  6 kobolds
  8 rats
43 creatures vanquished.

Notes
Turn   | Place    | Note
--------------------------------------------------------------
     0 | D:1      | Alarkh the Octopode Chaos Knight began the quest for the Orb.
     0 | D:1      | Reached XP level 1. HP: 16/16 MP: 1/1
    23 | D:1      | XOM: smoke on damage
   164 | D:1      | XOM: colour smoke trail
   176 | D:1      | Reached XP level 2. HP: 21/21 MP: 2/2
   241 | D:1      | XOM: divination: magic mapping
   510 | D:1      | XOM: colour smoke trail
   603 | D:1      | XOM: mild Necr miscast
   846 | D:1      | XOM: colour smoke trail
   995 | D:2      | Reached XP level 3. HP: 22/26 MP: 3/3
  1069 | D:2      | XOM: cast spell 'Summon Butterflies'
  1234 | D:2      | XOM: mild Fire miscast
  1404 | D:2      | Reached XP level 4. HP: 28/33 MP: 4/4
  1415 | D:2      | XOM: harmless Hex miscast
  1585 | D:2      | Reached skill level 4 in Unarmed Combat
  1748 | D:3      | Found a shattered altar of Ashenzari.
  1935 | D:3      | HP: 1/33 [something (4)]
  1936 | D:3      | Slain by an orc wizard

Action                   |  1- 3 |  4- 6 || total
-------------------------+-------+-------++-------
Melee: Unarmed           |    57 |    31 ||    88
  Use: Potion            |       |     2 ||     2
 Stab: Sleeping          |     3 |     1 ||     4
  Eat: Chunk             |     1 |     2 ||     3
